Map: Redshift LE

Players

LiquidSnute (Snute) - Winner!

  • Race: Zerg Zerg
  • League: Grandmaster
  • Spawn Location: 11:00

Geralt (Gerald)

  • Race: Protoss Protoss
  • League: Grandmaster
  • Spawn Location: 7:00

Event: HomeStory Cup XVII

VOD

Have the link to the VOD?

Description

Time

  • Played on: June 29, 2018, 11:38 a.m.
  • Length: 8:10

All games in this series

Show
View Real Time Build Order
Export as new Build Order

LiquidSnute Zerg - Winner!

Build Orders: Hatch First 

Get SALT Encoding   

  12  0:00  Drone  
  13  0:12  Overlord  
  13  0:17  Drone  
  14  0:30  Drone x2  
  14  0:34  Drone  
  17  0:50  Hatchery  
  17  0:54  Drone  
  17  0:56  Drone  
  18  1:02  Extractor  
  17  1:12  Spawning Pool  
  17  1:16  Drone  
  17  1:18  Drone  
  18  1:28  Drone  
  19  1:38  Overlord  
  19  1:50  Drone  
  20  1:58  Queen  
  22  2:02  Queen  
  22  2:04  Metabolic Boost  
  24  2:08  Drone  
  24  2:09  Drone  
  24  2:13  Drone  
  24  2:14  Drone  
  28  2:21  Drone  
  29  2:24  Drone  
  30  2:34  Queen  
  30  2:36  Overlord  
  32  2:38  Drone  
  33  2:47  Evolution Chamber  
  33  3:00  Zergling x8  
  37  3:06  Zergling x8  
  37  3:08  Overlord  
  40  3:16  Roach Warren  
  40  3:17  Drone  
  40  3:19  Hatchery  
  40  3:20  Drone  
  40  3:31  Drone x2  
  42  3:34  Spore Crawler  
  42  3:41  Drone x2  
  43  3:42  Overlord, Drone x2  
  45  3:49  Overlord  
  45  3:51  Overlord  
  44  4:02  Spore Crawler, Roach x2  
  47  4:09  Roach  
  48  4:12  Roach x3  
  48  4:13  Roach  
  48  4:15  Roach  
  57  4:18  Roach  
  57  4:23  Overlord  
  58  4:24  Drone  
  58  4:26  Drone  
  58  4:30  Extractor  
  58  4:33  Drone  
  59  4:40  Ravager  
  59  4:41  Drone  
  59  4:42  Drone x5  
  66  4:46  Drone, Extractor  
  66  4:57  Overlord  
  66  4:58  Zergling x10  
  71  5:00  Ravager  
  71  5:03  Queen  
  74  5:17  Zergling x14  
  74  5:20  Ravager  
  82  5:24  Ravager  
  83  5:28  Zergling x2  
  83  5:29  Zergling x10  
  83  5:35  Baneling Nest  
  87  5:36  Roach x2  
  87  5:39  Roach  
  93  5:49  Roach x3  
  95  5:51  Roach  
  95  5:57  Overlord  
  97  6:04  Overlord  
  97  6:11  Overlord  
  97  6:16  Roach x4  
  105  6:21  Overlord  
  105  6:23  Baneling x3  
  105  6:24  Baneling  
  105  6:30  Zergling x16  
  105  6:32  Baneling  
  108  6:38  Baneling x2  
  108  6:45  Baneling  
  107  6:50  Zergling x2  
  107  6:51  Zergling x12  
  112  6:55  Baneling x2  
  110  7:04  Zergling x2  
  110  7:05  Zergling x8  
  103  7:17  Drone x5  
  108  7:26  Ravager x2  
  110  7:30  Drone x3  
  113  7:38  Drone x2  
  115  7:47  Roach x2  
Show
View Real Time Build Order
Export as new Build Order

Geralt Protoss 

Build Orders: 1 Gate Expand 

Get SALT Encoding   

  12  0:00  Probe  
  13  0:13  Probe  
  14  0:17  Pylon  
  14  0:24  Probe  
  15  0:29  Assimilator  
  15  0:32  Probe  
  15  0:42  Probe  
  16  0:43  Gateway  
  17  0:54  Probe  
  18  1:06  Probe  
  19  1:19  Probe  
  20  1:26  Nexus  
  20  1:31  Probe  
  21  1:37  Cybernetics Core  
  21  1:47  Assimilator  
  21  1:48  Pylon  
  21  1:51  Probe  
  22  2:04  Probe  
  22  2:05  Adept  
  23  2:10  Warp Gate  
  25  2:16  Probe  
  26  2:24  Twilight Council  
  26  2:29  Probe  
  27  2:36  Stalker  
  29  2:41  Probe  
  30  2:44  Probe  
  31  2:54  Probe  
  31  2:56  Probe  
  31  2:57  Charge  
  33  3:02  Robotics Facility  
  33  3:08  Probe  
  33  3:11  Adept  
  34  3:15  Probe  
  37  3:20  Probe  
  37  3:25  Gateway  
  38  3:29  Gateway  
  38  3:33  Gateway  
  36  3:38  Gateway  
  35  3:43  Gateway  
  35  3:46  Immortal, Gateway  
  35  3:53  Pylon  
  37  4:04  Pylon  
  37  4:06  Probe  
  38  4:10  Gateway  
  38  4:12  Adept  
  40  4:17  Pylon  
  40  4:20  Warp Prism  
  40  4:29  Probe  
  43  4:32  Shield Battery  
  43  4:48  Zealot x4  
  43  4:49  Zealot  
  53  5:03  Zealot x2  
  57  5:13  Pylon x2  
  57  5:17  Probe x2  
  55  5:22  Zealot x3  
  61  5:38  Probe  
  61  5:39  Observer  
  63  5:44  Zealot x5  
  63  5:49  Adept  
  75  5:58  Pylon  
  75  5:59  Pylon  
  75  6:04  Pylon  
  75  6:11  Sentry  
  77  6:18  Sentry x2  
  77  6:19  Zealot x4  
  77  6:20  Zealot  
  89  6:37  Zealot  
  89  6:45  Adept x6  
  89  6:56  Probe x2  
  83  7:03  Immortal  
  83  7:04  Zealot  
  83  7:05  Zealot  
  63  7:08  Probe  
  50  7:18  Probe  
  50  7:21  Assimilator  
  51  7:23  Assimilator  
  51  7:25  Zealot x3  
  51  7:26  Pylon  
  51  7:27  Probe  
  53  7:40  Zealot x4  
Tags
 
Add a new tag
Caveats
  • Supply blocks, unpowered buildings, or Contaminate may cause inaccurate times.
  • Supply counts are checked every 10 seconds.